 Dungeon Crawl Stone Soup version 0.21-a0-401-g0b6bec4 (webtiles) character file.

4241 Klosterheim the Cleaver (level 10, 0/90 HPs)
             Began as a Demonspawn Berserker on Oct 22, 2017.
             Was an Elder of Trog.
             Slain by a centaur warrior (3 damage)
             ... on level 8 of the Dungeon.
             The game lasted 00:18:00 (6815 turns).

Klosterheim the Cleaver (Demonspawn Berserker)      Turns: 6815, Time: 00:18:01

Health: 0/90       AC: 13    Str: 20    XL:     10   Next: 9%
Magic:  3/3        EV:  6    Int: 12    God:    Trog [****..]
Gold:   406        SH:  6    Dex: 13    Spells: 9/9 levels left

rFire    + . .     SeeInvis .   A - +2 war axe (antimagic)
rCold    + + .     Gourm    .   (no shield)
rNeg     . . .     Faith    .   v - +0 plate armour
rPois    +         Spirit   .   z - +0 helmet
rElec    .         Reflect  .   n - scarf {rC+ rF+}
rCorr    .         Harm     .   (no gloves)
MR       .....                  (no boots)
Stlth    ..........             (no amulet)
HPRegen  0.25/turn              d - ring of poison resistance
MPRegen  0.08/turn              j - +3 ring of intelligence

@: berserk cooldown, slowed, very slow
A: hooves 2, large bone plates 2, cold resistance 1, demonic guardian 1, robust
1, freezing cloud immunity
a: Berserk, Trog's Hand, Brothers in Arms, Burn Spellbooks, Renounce Religion


You were on level 8 of the Dungeon.
You worshipped Trog.
Trog was greatly pleased with you.
You were hungry.

You visited 1 branch of the dungeon, and saw 8 of its levels.

You collected 406 gold pieces.

Inventory:

Hand Weapons
 A - a +2 antimagic war axe (weapon)
 D - a +1 scimitar of flaming
Armour
 n - a scarf of resistance (worn)
 u - a +3 leather armour of poison resistance
 v - a +0 plate armour (worn)
 z - a +0 helmet (worn)
Jewellery
 d - a ring of poison resistance (left hand)
 j - a +3 ring of intelligence (right hand)
Wands
 a - a wand of confusion (14/48)
 p - a wand of confusion (12/48)
 s - a wand of disintegration (11/24)
 x - a wand of digging (15/24)
 C - a wand of acid (6/15)
 E - a wand of polymorph (10/24)
Scrolls
 b - 5 scrolls of teleportation
 g - a scroll of magic mapping
 y - a scroll of identify
 B - a scroll of remove curse
Potions
 e - a potion of degeneration {unknown}
 h - 3 potions of agility
 k - 4 potions of heal wounds
 l - 3 potions of lignification
 m - a potion of magic {unknown}
 o - a potion of flight {unknown}
 q - 2 potions of might {unknown}
 t - a potion of curing
 w - a potion of cancellation {unknown}
Comestibles
 c - 4 bread rations
 f - 8 meat rations
 r - 2 royal jellies


   Skills:
 + Level 8.6 Fighting
 * Level 10.7 Axes
 + Level 4.6 Armour
 - Level 1.7 Dodging


You had 9 spell levels left.
You didn't know any spells.

Dungeon Overview and Level Annotations

Branches:
Dungeon (8/15)             Temple (0/1) D:5
   Lair: D:8-11

Altars:
Dithmenos
Makhleb
Nemelex Xobeh
Qazlal
Sif Muna
Trog
Uskayaw
Vehumet
Wu Jian

Shops:
D:4 (


Innate Abilities, Weirdness & Mutations

You have hoof-like feet.
You are mostly covered in large bone plates. (SH +6)
Your flesh is cold resistant. (rC+)
A weak demonic guardian rushes to your aid.
You are robust. (+10% HP)
You are immune to freezing clouds.


Message History

You see here an arrow.
The bullfrog hits your iron imp.
The centaur warrior shoots an arrow.
The arrow hits your iron imp.
Your iron imp dies!
You see here a giant spiked club.
The centaur warrior shoots an arrow.
You block the arrow. The orc hits you but does no damage.
The centaur warrior shoots an arrow.
The arrow hits you.
The bullfrog hits you but does no damage.
There is a stone staircase leading up here.
You see here 2 arrows.
The centaur warrior shoots an arrow.
The arrow hits you. The bullfrog hits you. The centaur warrior hits you!
* * * LOW HITPOINT WARNING * * *
The centaur warrior shoots an arrow.
The arrow hits you!
* * * LOW HITPOINT WARNING * * *
The bullfrog hits you.
* * * LOW HITPOINT WARNING * * *
The centaur warrior hits you.
You die...

##..#.#.................###......
.........##...........#.##.......
...##.####..............#........
#.###.# ##.#........###...#......
#<##..# #....##.#.#####.....>....
#....####..........##............
#..................##...#.#######
........................#.#
..)..##....#....@.....#.#.#
.##...........cc#F###.#.#.#
#............oo(((....#.#.#
..............)((.(((##.#.#
..............)...†...#.#.#
..######....######..#.....# .....
........[#..###...# #....
.........#..###...# .....
.........#........######


You could see 2 centaur warriors, a bullfrog and 2 orcs.

Vanquished Creatures
  Erica (D:8)
  A two-headed ogre (D:7)
  A troll (D:8)
  A hippogriff (D:7)
  3 orc warriors
  A sky beast (D:8)
  2 ice beasts
  A black bear (D:8)
  3 ogres
  2 phantoms (D:7)
  3 centaurs
  A bullfrog (D:7)
  A scorpion (D:5)
  A howler monkey (D:7)
  2 crimson imps
  2 centaur zombies
  A quasit (D:5)
  2 bullfrog zombies
  6 orc wizards
  5 orc priests
  A bullfrog skeleton (D:8)
  An iguana (D:5)
  Natasha (thrice) (D:3)
  A worker ant (D:5)
  Ijyb (D:3)
  A hound zombie (D:8)
  A hound skeleton (D:4)
  4 adders
  4 gnolls (D:6)
  4 shadow imps
  An adder skeleton (D:5)
  2 worms
  3 leopard geckos
  22 orcs
  A ball python (D:7)
  4 giant cockroaches
  6 goblins
  6 hobgoblins
  6 jackals
  4 quokkas
  2 bats
  7 frilled lizards
  A jackal zombie (D:7)
  A kobold (D:3)
  A leopard gecko zombie (D:7)
  5 rats
133 creatures vanquished.

Vanquished Creatures (collateral kills)
  A vampire mosquito (D:8)
  An eye of draining (D:6)
  A crocodile (D:7)
  2 crimson imps
  An orc wizard (D:8)
6 creatures vanquished.

Grand Total: 139 creatures vanquished

Notes
Turn   | Place    | Note
-------+----------+-------------------------------------------
     0 | D:1      | Klosterheim the Demonspawn Berserker began the quest for the Orb.
     0 | D:1      | Reached XP level 1. HP: 18/18 MP: 1/1
   250 | D:1      | Reached skill level 3 in Axes
   583 | D:2      | Found a burning altar of Makhleb.
   585 | D:2      | Found a shadowy altar of Dithmenos.
   587 | D:2      | Found a hide-covered altar of Uskayaw.
   612 | D:2      | Gained mutation: You are partially covered in large bone plates. (SH +4) [demonic ancestry]
   612 | D:2      | Reached XP level 2. HP: 24/24 MP: 2/2
   716 | D:2      | Gained mutation: You have large cloven feet. [demonic ancestry]
   716 | D:2      | Reached XP level 3. HP: 29/29 MP: 3/3
   749 | D:2      | Reached ** piety under Trog
  1307 | D:3      | Found a stormy altar of Qazlal.
  1374 | D:3      | Noticed Ijyb
  1397 | D:3      | Killed Ijyb
  1397 | D:3      | Reached skill level 4 in Axes
  1617 | D:3      | Gained mutation: Your flesh is cold resistant. (rC+) [demonic ancestry]
  1617 | D:3      | Reached XP level 4. HP: 37/37 MP: 4/4
  1631 | D:3      | Noticed a centaur
  1637 | D:3      | Killed a centaur
  1637 | D:3      | Gained mutation: You have hoof-like feet. [demonic ancestry]
  1637 | D:3      | Reached XP level 5. HP: 41/42 MP: 5/5
  1659 | D:3      | Noticed Natasha
  1663 | D:3      | Killed Natasha
  1721 | D:3      | Found a sparkling altar of Nemelex Xobeh.
  1722 | D:3      | Found a deep blue altar of Sif Muna.
  1724 | D:3      | Found a radiant altar of Vehumet.
  1725 | D:3      | Found a bloodstained altar of Trog.
  1726 | D:3      | Found a stormy altar of Qazlal.
  1727 | D:3      | Found an ornate altar of the Wu Jian Council.
  1760 | D:3      | Noticed Natasha
  1766 | D:3      | Killed Natasha
  1950 | D:3      | Reached skill level 5 in Axes
  2040 | D:3      | Noticed Natasha
  2045 | D:3      | Killed Natasha
  2257 | D:4      | Found Uweuc's Weapon Emporium.
  2901 | D:5      | Entered Level 5 of the Dungeon
  3038 | D:5      | Found a staircase to the Ecumenical Temple.
  3046 | D:5      | Gained mutation: A weak demonic guardian rushes to your aid. [demonic ancestry]
  3046 | D:5      | Reached XP level 6. HP: 42/49 MP: 6/6
  3315 | D:5      | Reached skill level 5 in Fighting
  3315 | D:5      | Reached skill level 6 in Axes
  3404 | D:5      | Gained mutation: You are immune to freezing clouds. [demonic ancestry]
  3404 | D:5      | Reached XP level 7. HP: 53/56 MP: 7/7
  3566 | D:5      | Reached *** piety under Trog
  3971 | D:6      | Reached skill level 7 in Axes
  4441 | D:6      | Gained mutation: You are mostly covered in large bone plates. (SH +6) [demonic ancestry]
  4441 | D:6      | Reached XP level 8. HP: 64/64 MP: 0/8
  4510 | D:6      | Found a bloodstained altar of Trog.
  5276 | D:6      | Reached skill level 8 in Axes
  5906 | D:7      | Reached skill level 9 in Axes
  5910 | D:7      | Reached **** piety under Trog
  6171 | D:8      | Noticed a hippogriff
  6177 | D:8      | Noticed a two-headed ogre
  6207 | D:8      | Noticed Erica
  6215 | D:7      | Killed a two-headed ogre
  6215 | D:7      | Reached XP level 9. HP: 43/73 MP: 3/9
  6589 | D:8      | Killed Erica
  6589 | D:8      | Reached skill level 10 in Axes
  6773 | D:8      | Noticed a troll
  6793 | D:8      | Killed a troll
  6793 | D:8      | Gained mutation: You are robust. (+10% HP) [demonic ancestry]
  6793 | D:8      | Reached XP level 10. HP: 90/90 MP: 3/10
  6809 | D:8      | Noticed a centaur warrior
  6813 | D:8      | Noticed a centaur warrior
  6815 | D:8      | HP: 3/90 [bullfrog (3)]
  6815 | D:8      | Slain by a centaur warrior

Vault maps used:
D:1:      saegor_arrival_simple_f, minmay_crystal_room
D:2:      grunt_temple_overflow_open, first_bread, minmay_misc_feat_encased
D:3:      minitemple, grunt_qazlal_clouds, uniq_natasha, uniq_ijyb
D:4:      serial_shops, shop
D:5:      minmay_temple_entry_overgrown
D:6:      trog_eyes_of_draining
D:8:      minmay_cut_squares, uniq_erica

Skill      XL: |  1  2  3  4  5  6  7  8  9 |
---------------+----------------------------+-----
Axes           | 3 4 5 6 7 9 10 | 10.7
Fighting       | 4 5 6 7 8 |  8.6
Armour         | 3 4 |  4.6
Dodging        | |  1.7

Action                   |  1- 3 |  4- 6 |  7- 9 | 10-12 || total
-------------------------+-------+-------+-------+-------++-------
Melee: Hand axe          |    81 |   111 |    52 |       ||   244
       Kick              |    13 |    27 |    67 |     3 ||   110
       Halberd           |       |       |    37 |       ||    37
       War axe           |       |       |   133 |     8 ||   141
Invok: Berserk           |     3 |     5 |    12 |       ||    20
       Trog's Hand       |     1 |     1 |     1 |       ||     3
       Burn Spellbooks   |       |     1 |       |       ||     1
  Use: Scroll            |     5 |     2 |     8 |       ||    15
       Potion            |       |       |     2 |       ||     2
 Stab: Sleeping          |     3 |       |       |       ||     3
  Eat: Chunk             |     5 |     8 |    20 |       ||    33
       Fruit             |       |     3 |     3 |       ||     6
Armor: Animal skin       |     7 |       |       |       ||     7
       Leather armour    |       |    43 |    17 |       ||    60
       Plate armour      |       |       |    76 |     7 ||    83
Dodge: Dodged            |    39 |    64 |    70 |     8 ||   181
Block: Other             |    15 |    20 |    45 |     6 ||    86

Table legend:
 A = Spawn XP
 B = Non-spawn XP
 C = Spawn XP percentage of total XP
 D = Spawn monster count
 E = Non-spawn monster count
 F = Spawn count percentage of total count
 G = Total turns spent on level
                    A         B        C        D         E        F      G
               +---------+---------+-------+---------+---------+-------+---------
         Total |       0 |    6059 |   0.0 |       0 |     139 |   0.0 |  6815
               +---------+---------+-------+---------+---------+-------+---------
           D:1 |       0 |      10 |   0.0 |       0 |       7 |   0.0 |   515
           D:2 |       0 |      47 |   0.0 |       0 |      19 |   0.0 |   777
           D:3 |       0 |     281 |   0.0 |       0 |      17 |   0.0 |   848
           D:4 |       0 |      23 |   0.0 |       0 |       4 |   0.0 |   894
           D:5 |       0 |     707 |   0.0 |       0 |      20 |   0.0 |   849
           D:6 |       0 |     670 |   0.0 |       0 |      22 |   0.0 |  1508
           D:7 |       0 |    2309 |   0.0 |       0 |      31 |   0.0 |  1165
           D:8 |       0 |    2012 |   0.0 |       0 |      19 |   0.0 |   259
               +---------+---------+-------+---------+---------+-------+---------
